 Dungeon Crawl Stone Soup version 0.29.1-12-g30fa7ad0bf (webtiles) character file.

Game seed: 9142669188678378496

162 cowcol the Chopper (level 5, -5/47 HPs)
             Began as a Minotaur Monk on Jan 13, 2023.
             Slain by a water moccasin (6 damage)
             ... on level 4 of the Dungeon.
             The game lasted 00:06:36 (3208 turns).

cowcol the Chopper (Minotaur Monk)                  Turns: 3208, Time: 00:06:36

Health: -5/47      AC:  3    Str: 18    XL:     5   Next: 19%
Magic:  4/4        EV: 12    Int:  7    God:
Gold:   208        SH:  0    Dex: 12    Spells: 4/4 levels left

rFire   . . .      SeeInvis .   a - +0 hand axe
rCold   . . .      Faith    .   (no shield)
rNeg    . . .      Spirit   .   i - +0 leather armour
rPois   .          Reflect  .   (helmet restricted)
rElec   .          Harm     .   (no cloak)
rCorr   .          Rampage  .   (no gloves)
Will    .....                   (no boots)
Stlth   ++........              (no amulet)
HPRegen 0.15/turn               (no ring)
MPRegen 0.09/turn               (no ring)

@: lethally poisoned (-5 -> -9)
A: horns 2, retaliatory headbutt
a: no special abilities


You were on level 4 of the Dungeon.
You visited 1 branch of the dungeon, and saw 4 of its levels.

You collected 208 gold pieces.

Inventory:

Hand Weapons
 a - a +0 hand axe (weapon)
 e - a +0 dagger
 l - a +0 short sword
 n - a +0 club
 w - a +0 falchion
Missiles
 j - 56 stones (quivered)
 m - 11 poisoned darts
Armour
 b - a +0 robe
 i - a +0 leather armour (worn)
Wands
 u - a wand of paralysis (14)
Scrolls
 f - 2 scrolls of butterflies
 k - a scroll of magic mapping
 o - a scroll of enchant armour
 q - a scroll of noise {unknown}
 r - a scroll of immolation {unknown}
 s - a scroll of enchant weapon
 t - a scroll of teleportation {unknown}
 v - a scroll of vulnerability {unknown}
Potions
 d - a potion of resistance {unknown}
 h - a potion of might {unknown}
 p - a potion of cancellation {unknown}


   Skills:
 + Level 4.5 Fighting
 - Level 1.3(1.6) Short Blades
 * Level 1.3(1.7) Long Blades
 + Level 4.6 Axes
 + Level 0.2 Throwing
 + Level 2.2 Armour
 + Level 4.0 Dodging
 + Level 1.8 Stealth


You had 4 spell levels left.
You didn't know any spells.
Your spell library contained the following spells:

 Spells                   Type           Power      Damage    Failure   Level
 Sandblast                Erth           0%         2d4       50%         1
 Sting                    Tmut/Pois      0%         1d3       50%         1
 Passwall                 Tmut/Erth      0%         N/A       63%         2
 Gell's Gravitas          Tloc           0%         N/A       86%         3
 Stone Arrow              Conj/Erth      0%         3d7       86%         3
 Teleport Other           Tloc           0%         N/A       86%         3
 Dispersal                Tloc           0%         N/A       100%        6


Dungeon Overview and Level Annotations

Branches:
Dungeon (4/15)
 Temple: D:4-7

Altars:
Ashenzari


Innate Abilities, Weirdness & Mutations

You have a pair of horns on your head.
You reflexively headbutt those who attack you in melee.


Message History

The ufetubus attacks as you move away! The ufetubus closely misses you.
The ufetubus hits you but does no damage.
The ufetubus completely misses you. The ufetubus misses you.
The water moccasin closely misses you. The water moccasin bites you.
The adder skeleton bites you. The ufetubus hits you. x2
The water moccasin attacks as you move away!
The water moccasin closely misses you.
Found a whip.
The ufetubus hits you but does no damage.
The ufetubus closely misses you. The water moccasin bites you.
You are lethally poisoned!
The water moccasin poisons you!
The water moccasin attacks as you move away!
The water moccasin misses you.
Found an escape hatch in the floor.
* * * LOW HITPOINT WARNING * * *
You feel very sick.
* * * LOW HITPOINT WARNING * * *
You feel very sick. The ufetubus misses you. You furiously retaliate!
You headbutt the ufetubus, but do no damage.
The ufetubus barely misses you.
* * * LOW HITPOINT WARNING * * *
You feel sick.
You see here a +0 whip.
The ufetubus attacks as you move away! The ufetubus barely misses you. x2
* * * LOW HITPOINT WARNING * * *
You feel sick. The ufetubus misses you.
The ufetubus hits you but does no damage.
The ufetubus attacks as you move away! The ufetubus barely misses you.
The ufetubus hits you but does no damage.
* * * LOW HITPOINT WARNING * * *
You feel sick.
Found 2 fuming orange potions.
* * * LOW HITPOINT WARNING * * *
You feel sick. The ufetubus misses you. You furiously retaliate!
You headbutt the ufetubus!
You kill the ufetubus!
The water moccasin attacks as you move away!
The water moccasin bites you.
You die...

...#
#..............###....Z.$.#.
...
#....##..w......##....#.....
...
#ยง..###..........Z##..#.Z.#.
.#
>.................ZZ..#ZW.#.
#
....##..........Z#.....#Z....
...##
!.........).#........... ....
#........Z...#..........
.......S....##..........
.......@..Z.l..#........
.#....<.................
#......................
......#.................
##.#..##..#.##.##......# #
#.. #.##....###....## #.
##.#.....##.....# ..
#.(.....##......#
............##..##


You could see a water moccasin, a worm, an iguana, a scorpion zombie, an adder
skeleton, a centaur skeleton and a howler monkey skeleton.

Vanquished Creatures
  A water moccasin skeleton (D:4)
  A hound (D:3)
  A hound skeleton (D:4)
  An ufetubus (D:4)
  A worm (D:3)
  4 dart slugs
  An orc (D:3)
  2 ball pythons
  3 bats
  4 endoplasms
  5 giant cockroaches
  6 goblins
  5 hobgoblins
  2 quokkas (D:1)
  2 frilled lizards
  9 kobolds
  7 rats
55 creatures vanquished.

Notes
Turn   | Place    | Note
-------+----------+-------------------------------------------
     0 | D:1      | cowcol the Minotaur Monk began the quest for the Orb.
     0 | D:1      | Reached XP level 1. HP: 19/19 MP: 0/0
   174 | D:1      | Reached XP level 2. HP: 26/27 MP: 1/1
   494 | D:1      | Found a faded altar of an unknown god.
   514 | D:1      | Got Plato's Papyrus of Sculpting
   880 | D:1      | Reached XP level 3. HP: 33/33 MP: 2/2
  1687 | D:2      | You fall into a shaft and drop 1 floor!
  2736 | D:3      | Found a broken altar of Ashenzari.
  2840 | D:3      | Reached skill level 1 in Short Blades
  2840 | D:3      | Reached skill level 1 in Armour
  2936 | D:3      | Reached XP level 4. HP: 32/41 MP: 3/3
  3149 | D:4      | Noticed a phantom
  3159 | D:4      | Reached skill level 1 in Long Blades
  3159 | D:4      | Reached XP level 5. HP: 39/47 MP: 4/4
  3168 | D:4      | Noticed a water moccasin
  3206 | D:4      | HP: 2/47 [poisoned by a water moccasin]
  3208 | D:4      | Slain by a water moccasin

Illustrated notes

Levels and vault maps discovered:
D:1:      lightli_molten_gateway, layout_basic,
          shapermc_ecumenical_altar_rom_forum, serial_corexii_hall,
          corexii_hall_statues_x, corexii_hall_statues_l,
          corexii_hall_statues_l, chequers_hall_statues_wall_a,
          minmay_pentomino_t4
D:2:      layout_basic, minmay_statues_item
D:3:      layout_rooms, ashenzari_conservatory_becter, serial_corexii_hall,
          corexii_hall_statues_i, corexii_hall_statues_i,
          corexii_hall_statues_i, corexii_hall_statues_x
D:4:      layout_cave_pools, serial_undead, serial_undead_d, serial_undead_d,
          serial_undead_d, serial_undead_a, serial_undead_c, serial_undead_d

Skill      XL: |  1  2  3  4 |
---------------+-------------+-----
Fighting       | 4 |  4.5
Axes           | 4 |  4.6
Short Blades   | 1 |  1.3
Armour         | 1 2 |  2.2
Long Blades    | 1 |  1.3
Dodging        | 4 |  4.0
Throwing       | |  0.2
Stealth        | |  1.8

Action                   |  1- 3 |  4- 6 || total
-------------------------+-------+-------++-------
Melee: Hand axe          |   119 |    16 ||   135
       Headbutt          |    15 |     3 ||    18
       Punch             |     1 |     1 ||     2
Throw: Stone             |    13 |       ||    13
  Use: Scroll            |     6 |     1 ||     7
       Potion            |       |     1 ||     1
 Stab: Sleeping          |     2 |       ||     2
Armor: Robe              |     7 |       ||     7
       Leather armour    |    20 |    19 ||    39
Dodge: Dodged            |    70 |    39 ||   109
